 Dungeon Crawl Stone Soup version 0.27-a0-1595-g0b823d0a13 (webtiles) character file.

Game seed: 11865841248381451957

61 DocClef the Covert (level 4, -4/41 HPs)
             Began as a Gnoll Delver on July 20, 2021.
             Slain by a bullfrog zombie (5 damage)
             ... on level 5 of the Dungeon.
             The game lasted 00:00:25 (304 turns).

DocClef the Covert (Gnoll Delver)                    Turns: 304, Time: 00:00:26

Health: -4/41      AC:  6    Str: 12    XL:     4   Next: 7%
Magic:  5/5        EV: 13    Int: 13    God:
Gold:   0          SH:  0    Dex: 14    Spells: 5/5 levels left

rFire    . . .     SeeInvis .   a - +0 short sword
rCold    . . .     Faith    .   (no shield)
rNeg     . . .     Spirit   .   k - +3 leather armour of Somewhere Else {Int+4}
rPois    .         Reflect  .   (no helmet)
rElec    .         Harm     .   (no cloak)
rCorr    .         Rampage  .   (no gloves)
Will     .....                  (no boots)
Stlth    ++++......             (no amulet)
HPRegen  0.13/turn              (no ring)
MPRegen  0.09/turn              (no ring)

@: no status effects
A: fangs 1, strong nose, distributed training
a: no special abilities


You were on level 5 of the Dungeon.
You visited 1 branch of the dungeon, and saw 1 of its levels.

Inventory:

Hand Weapons
 a - a +0 short sword (weapon)
Armour
 b - a +0 leather armour
 k - the +3 leather armour of Somewhere Else (worn) {Int+4}
   (You found it on level 5 of the Dungeon)

   Int:       It affects your intelligence (+4).
Wands
 g - a wand of digging (3)
 h - a wand of iceblast (8)
 l - a wand of polymorph (12)
Scrolls
 c - a scroll of fog
 d - a scroll of magic mapping
 e - a scroll of fear
 j - a scroll of acquirement {unknown}
Potions
 f - a potion of haste
 i - a potion of ambrosia {unknown}


   Skills:
 + Level 6.5 Fighting
 + Level 4.6 Short Blades
 + Level 1.0 Long Blades
 + Level 1.0 Axes
 + Level 1.0 Maces & Flails
 + Level 1.0 Polearms
 + Level 1.0 Staves
 + Level 1.0 Slings
 + Level 1.0 Bows
 + Level 1.0 Crossbows
 + Level 1.0 Throwing
 + Level 1.0 Armour
 + Level 4.6 Dodging
 + Level 9.5 Stealth
 + Level 1.0 Shields
 + Level 1.0 Unarmed Combat
 + Level 1.0 Spellcasting
 + Level 0.7 Conjurations
 + Level 0.7 Hexes
 + Level 0.7 Summonings
 + Level 0.7 Necromancy
 + Level 0.7 Translocations
 + Level 0.7 Transmutations
 + Level 0.7 Fire Magic
 + Level 0.7 Ice Magic
 + Level 0.7 Air Magic
 + Level 0.7 Earth Magic
 + Level 0.7 Poison Magic
 + Level 1.1 Invocations
 + Level 1.0 Evocations


You had 5 spell levels left.
You didn't know any spells.
Your spell library was empty.

Dungeon Overview and Level Annotations

Branches:
Dungeon (5/15)
 Temple: D:4-7

Altars:


Innate Abilities, Weirdness & Mutations

You have very sharp teeth.
Your uncanny sense of smell can sniff out nearby items.
Your experience applies equally to all skills.


Message History

You bite the jelly.
You kill the jelly!
Your Long Blades skill increases to level 1!
Your Axes skill increases to level 1!
Your Maces & Flails skill increases to level 1!
Your Polearms skill increases to level 1!
Your Staves skill increases to level 1!
Your Slings skill increases to level 1!
Your Bows skill increases to level 1!
Your Crossbows skill increases to level 1!
Your Throwing skill increases to level 1!
Your Armour skill increases to level 1!
Your Shields skill increases to level 1!
Your Unarmed Combat skill increases to level 1!
Your Spellcasting skill increases to level 1!
Your Invocations skill increases to level 1!
Your Evocations skill increases to level 1!
You have reached level 4!
You feel agile.
You hit the bullfrog zombie.
The bullfrog zombie is lightly damaged.
The bullfrog zombie hits you but does no damage.
You barely miss the bullfrog zombie.
The bullfrog zombie is lightly damaged.
The bullfrog zombie barely misses you.
You hit the bullfrog zombie. You bite the bullfrog zombie.
The bullfrog zombie is moderately damaged.
The bullfrog zombie hits you.
* * * LOW HITPOINT WARNING * * *
You hit the bullfrog zombie.
The bullfrog zombie is heavily damaged.
The bullfrog zombie misses you.
You hit the bullfrog zombie. Your bite misses the bullfrog zombie.
The bullfrog zombie is heavily damaged.
The bullfrog zombie hits you.
* * * LOW HITPOINT WARNING * * *
You barely miss the bullfrog zombie.
You bite the bullfrog zombie, but do no damage.
The bullfrog zombie is heavily damaged.
The bullfrog zombie hits you.
You die...

#..#######
#.#.###### ##..
#.......... ###
#.#.####### . .
#.#.#
.##...####.#.#
..........#.#
#...####.#.#
#.###.#####.#.#
#.).....Z@....#
#####.#########
.. ##


You could see a bullfrog zombie.

Vanquished Creatures
  A hound (D:5)
  A jelly (D:5)
2 creatures vanquished.

Notes
Turn   | Place    | Note
-------+----------+-------------------------------------------
     0 | D:5      | Reached skill level 9 in Stealth
     0 | D:5      | DocClef the Gnoll Delver began the quest for the Orb.
     0 | D:5      | Reached XP level 1. HP: 23/23 MP: 1/1
    25 | D:5      | Noticed a hound
    29 | D:5      | Killed a hound
    30 | D:5      | Reached XP level 2. HP: 29/29 MP: 1/3
    30 | D:5      | Reached XP level 3. HP: 35/35 MP: 1/4
   200 | D:5      | Identified the +3 leather armour of Somewhere Else {Int+4}
   297 | D:5      | Reached skill level 1 in Long Blades
   297 | D:5      | Reached skill level 1 in Axes
   297 | D:5      | Reached skill level 1 in Maces & Flails
   297 | D:5      | Reached skill level 1 in Polearms
   297 | D:5      | Reached skill level 1 in Staves
   297 | D:5      | Reached skill level 1 in Slings
   297 | D:5      | Reached skill level 1 in Bows
   297 | D:5      | Reached skill level 1 in Crossbows
   297 | D:5      | Reached skill level 1 in Throwing
   297 | D:5      | Reached skill level 1 in Armour
   297 | D:5      | Reached skill level 1 in Shields
   297 | D:5      | Reached skill level 1 in Unarmed Combat
   297 | D:5      | Reached skill level 1 in Spellcasting
   297 | D:5      | Reached skill level 1 in Invocations
   297 | D:5      | Reached skill level 1 in Evocations
   297 | D:5      | Reached XP level 4. HP: 8/41 MP: 5/5
   303 | D:5      | HP: 1/41 [bullfrog zombie (2)]
   304 | D:5      | Slain by a bullfrog zombie

Illustrated notes

Levels and vault maps discovered:
D:5:      layout_loops_ring

Skill      XL: |  1  2  3 |
---------------+----------+-----
Stealth        | |  9.5
Long Blades    | 1 |  1.0
Axes           | 1 |  1.0
Maces & Flails | 1 |  1.0
Polearms       | 1 |  1.0
Staves         | 1 |  1.0
Slings         | 1 |  1.0
Bows           | 1 |  1.0
Crossbows      | 1 |  1.0
Throwing       | 1 |  1.0
Armour         | 1 |  1.0
Shields        | 1 |  1.0
Unarmed Combat | 1 |  1.0
Spellcasting   | 1 |  1.0
Invocations    | 1 |  1.1
Evocations     | 1 |  1.0
Fighting       | |  6.5
Short Blades   | |  4.6
Dodging        | |  4.6
Conjurations   | |  0.7
Hexes          | |  0.7
Summonings     | |  0.7
Necromancy     | |  0.7
Translocations | |  0.7
Transmutations | |  0.7
Fire Magic     | |  0.7
Ice Magic      | |  0.7
Air Magic      | |  0.7
Earth Magic    | |  0.7
Poison Magic   | |  0.7

Action                   |  1- 3 |  4- 6 || total
-------------------------+-------+-------++-------
Melee: Short sword       |     6 |     6 ||    12
       Bite              |     1 |     2 ||     3
 Stab: Sleeping          |     1 |       ||     1
Armor: Leather armour    |     2 |     1 ||     3
Dodge: Dodged            |     2 |     2 ||     4

Table legend: (Time is in decaauts)
 A = Elapsed time spent in this place.
 B = Non-inter-level travel time spent in this place.
 C = Inter-level travel time spent in this place.
 D = Time resting spent in this place.
 E = Time spent auto-exploring this place.
 F = Levels seen in this place.
 G = Mean time per level.
                   A        B        C        D        E       F      G
               +--------+--------+--------+--------+--------+-----+--------+
         Total |    302 |    302 |      0 |      0 |    243 |   1 |  302.0 |
       Dungeon |    302 |    302 |      0 |      0 |    243 |   1 |  302.0 |
               +--------+--------+--------+--------+--------+-----+--------+

Top non-repeatable levels by time:
     D:5: 302 daAuts
